 Dungeon Crawl Stone Soup version 0.29-a0-106-g0a07039d5a (webtiles) character file.

Game seed: 9546010062316499905

1768 cyrus the Carver (level 8, 0/73 HPs)
             Began as a Minotaur Berserker on Feb 16, 2022.
             Was a Believer of Trog.
             Engulfed by a steam dragon's steam (1 damage)
             ... on level 5 of the Dungeon.
             The game lasted 00:12:48 (8466 turns).

cyrus the Carver (Minotaur Berserker)               Turns: 8466, Time: 00:12:49

Health: 0/73       AC:  5    Str: 23    XL:     8   Next: 80%
Magic:  7/7        EV: 13    Int:  4    God:    Trog [**....]
Gold:   291        SH:  0    Dex: 11    Spells: 7/7 levels left

rFire   . . .      SeeInvis .   a - +0 falchion
rCold   . . .      Faith    .   (no shield)
rNeg    . . .      Spirit   .   r - +0 troll leather armour
rPois   .          Reflect  .   (helmet restricted)
rElec   .          Harm     .   (no cloak)
rCorr   .          Rampage  .   (no gloves)
Will    .....                   (no boots)
Stlth   ++........              (no amulet)
HPRegen 1.02/turn               j - ring of flight
MPRegen 0.10/turn               (no ring)

@: flying
A: horns 2, retaliatory headbutt
a: Renounce Religion, Berserk, Trog's Hand


You were on level 5 of the Dungeon.
You worshipped Trog.
Trog was pleased with you.
You visited 2 branches of the dungeon, and saw 6 of its levels.

You collected 291 gold pieces.

Inventory:

Hand Weapons
 a - a +0 falchion (weapon)
Armour
 b - a +0 animal skin
 h - a +0 leather armour
 n - a +0 ring mail
 r - a +0 troll leather armour (worn)
Jewellery
 j - a ring of flight (left hand)
 p - a ring of poison resistance
Wands
 k - a wand of flame (7)
Scrolls
 c - 2 scrolls of enchant armour {unknown}
 d - a scroll of vulnerability {unknown}
 f - 6 scrolls of teleportation {unknown}
 i - 3 scrolls of identify {unknown}
 m - a scroll of enchant weapon {unknown}
 q - a scroll of magic mapping {unknown}
Potions
 e - 4 potions of curing {unknown}
 g - a potion of might {unknown}
 l - a potion of invisibility {unknown}
 o - a potion of resistance {unknown}


   Skills:
 + Level 7.0 Fighting
 + Level 8.7 Long Blades
 + Level 7.2 Armour
 + Level 5.2 Dodging
 + Level 2.3 Stealth


You had 7 spell levels left.
You didn't know any spells.
Your spell library was empty.

Dungeon Overview and Level Annotations

Branches:
Dungeon (5/15)             Temple (1/1) D:4

Altars:
Ashenzari
Cheibriados
Dithmenos
Elyvilon
Fedhas
Gozag
Hepliaklqana
Kikubaaqudgha
Makhleb
Nemelex Xobeh
Okawaru
Qazlal
Ru
Sif Muna
Trog
Uskayaw
Vehumet
Wu Jian
Yredelemnul
Zin
The Shining One

Annotations:
D:3 3 runed translucent doors, SirDiesAlot's ghost, amateur DECj


Innate Abilities, Weirdness & Mutations

You have a pair of horns on your head.
You reflexively headbutt those who attack you in melee.


Message History

You hit the steam dragon.
The steam dragon is lightly wounded.
You are engulfed in a cloud of scalding steam.
The steam dragon barely misses you. You furiously retaliate!
You headbutt the steam dragon. The steam dragon claws you.
You slash the steam dragon!
The steam dragon is moderately wounded.
You are engulfed in a cloud of scalding steam.
The steam dragon barely misses you. The steam dragon closely misses you.
You hit the steam dragon but do no damage.
The steam dragon is moderately wounded.
You are engulfed in a cloud of scalding steam.
The steam dragon closely misses you. You furiously retaliate!
You headbutt the steam dragon. The steam dragon claws you.
You hit the steam dragon but do no damage.
The steam dragon is heavily wounded.
The steam dragon barely misses you.
The steam dragon claws you but does no damage.
You slash the steam dragon! Your headbutt misses the steam dragon.
The steam dragon is almost dead.
The steam dragon closely misses you. The steam dragon barely misses you.
You completely miss the steam dragon.
The steam dragon is almost dead.
You hit the steam dragon but do no damage.
The steam dragon is almost dead.
The steam dragon breathes steam at you. The ball of steam hits you!!
* * * LOW HITPOINT WARNING * * *
You hit the steam dragon.
The steam dragon is almost dead.
You are engulfed in a cloud of scalding steam.
* * * LOW HITPOINT WARNING * * *
The steam dragon breathes steam at you. The ball of steam hits you!
* * * LOW HITPOINT WARNING * * *
You hit the steam dragon but do no damage.
Your headbutt misses the steam dragon.
The steam dragon is almost dead.
You are engulfed in a cloud of scalding steam.
You die...

..^......#...#.# #.#.#
^.^.....^###.#.# #.#.#
#...^...##.....# #.#.#
##^....#####.#########.#.#
###..####...........#.#.#
#.#.##..#.#######.#.#.#
#.#.##(.....§§§.#.#.#.#
#.#.##..#....§§##.#.#.#
#.#.##....###@§##.#.#.#
#...........#D.##.#.#.#
###.###...#.#..##.#.#.#
#.# #.#>#.#..##.#.#.# #.#
#.###.#..##.#...# #.# #.#
#.#..##.##### #.# #.#
#.#####.# #.# #.#
#.......# #.. #.#
#########


You could see a steam dragon (catching breath).

Vanquished Creatures
  2 kobold demonologists (D:5)
  A troll (D:5)
  A water moccasin (D:3)
  An ice beast (D:5)
  A necrophage (D:4)
  An ogre (D:5)
  2 kobold brigands (D:5)
  A scorpion (D:5)
  A water moccasin skeleton (D:4)
  A centaur zombie (D:5)
  A hound (D:4)
  A bullfrog skeleton (D:5)
  A jelly (D:5)
  An iguana (D:5)
  Natasha (thrice) (D:2)
  3 adders
  3 gnolls (D:5)
  8 worms
  A dart slug (D:4)
  9 orcs
  3 ball pythons
  6 endoplasms
  2 giant cockroaches
  4 goblins
  5 hobgoblins
  2 jackals (D:3)
  8 kobolds
  7 quokkas
  7 bats
  6 frilled lizards
  6 rats
99 creatures vanquished.

Notes
Turn   | Place    | Note
-------+----------+-------------------------------------------
     0 | D:1      | cyrus the Minotaur Berserker began the quest for the Orb.
     0 | D:1      | Reached XP level 1. HP: 19/19 MP: 0/0
   310 | D:1      | Found a faded altar of an unknown god.
   465 | D:1      | Reached XP level 2. HP: 27/27 MP: 1/1
   573 | D:1      | Reached skill level 4 in Long Blades
   974 | D:2      | Noticed Natasha
   980 | D:2      | Killed Natasha
   981 | D:2      | Reached XP level 3. HP: 30/34 MP: 2/2
  1438 | D:2      | Noticed Natasha
  1444 | D:2      | Killed Natasha
  1445 | D:2      | Reached XP level 4. HP: 41/41 MP: 3/3
  1495 | D:2      | Noticed Natasha
  1500 | D:2      | Killed Natasha
  1983 | D:2      | Reached ** piety under Trog
  2504 | D:3      | Reached skill level 5 in Long Blades
  2605 | D:3      | Noticed a water moccasin
  2608 | D:3      | Found a runed translucent gate.
  2611 | D:3      | Killed a water moccasin
  2612 | D:3      | Reached skill level 5 in Fighting
  2612 | D:3      | Reached XP level 5. HP: 48/48 MP: 4/4
  2665 | D:3      | Found a runed translucent gate.
  2673 | D:3      | Found a runed translucent gate.
  2675 | D:3      | Noticed SirDiesAlot's ghost (amateur DECj)
  3517 | D:4      | Noticed a necrophage
  3524 | D:4      | Killed a necrophage
  3525 | D:4      | Reached skill level 6 in Long Blades
  3525 | D:4      | Reached XP level 6. HP: 56/56 MP: 5/5
  3707 | D:4      | Reached skill level 1 in Stealth
  4432 | D:4      | Found a staircase to the Ecumenical Temple.
  4441 | Temple   | Entered the Ecumenical Temple
  5233 | D:5      | Entered Level 5 of the Dungeon
  5261 | D:5      | Reached XP level 7. HP: 61/61 MP: 6/6
  6928 | D:5      | Reached skill level 7 in Long Blades
  6981 | D:5      | Noticed a troll
  6989 | D:5      | Killed a troll
  6990 | D:5      | Reached skill level 5 in Armour
  7574 | D:5      | Reached XP level 8. HP: 67/70 MP: 7/7
  7776 | D:5      | Noticed a kobold demonologist
  7777 | D:5      | Noticed a kobold demonologist
  7779 | D:5      | Noticed a hellwing
  7780 | D:5      | Noticed a sixfirhy
  7787 | D:5      | Noticed a rust devil
  7788 | D:5      | Killed a kobold demonologist
  7789 | D:5      | Reached skill level 8 in Long Blades
  7808 | D:5      | Noticed a sixfirhy
  7813 | D:5      | Killed a kobold demonologist
  7814 | D:5      | Reached skill level 5 in Dodging
  7826 | D:5      | Reached *** piety under Trog
  8465 | D:5      | HP: 1/73 [steam dragon/ball of steam (12)]
  8466 | D:5      | Engulfed by a steam dragon's steam

Illustrated notes

Levels and vault maps discovered:
D:1:      dpeg_arrival_round_b, layout_loops_cross,
          hellmonk_ecumenical_altar_heavens_door, minmay_misc_feat_chi
D:2:      layout_loops_ring, uniq_natasha
D:3:      layout_loops_cross, gammafunk_ghost_necromancy,
          wander_ebering_terrifying_dragon_lair
D:4:      layout_basic, lemuel_temple_firewalk_b
D:5:      layout_basic, nicolae_wormholes
Temple:   nicolae_temple_the_god_donut

Skill      XL: |  1  2  3  4  5  6  7  8 |
---------------+-------------------------+-----
Fighting       | 4 5 6 7 |  7.0
Long Blades    | 4 5 6 7 8 |  8.7
Dodging        | 3 4 5 |  5.2
Armour         | 3 4 5 7 |  7.2
Stealth        | 1 2 |  2.3

Action                   |  1- 3 |  4- 6 |  7- 9 || total
-------------------------+-------+-------+-------++-------
Melee: Falchion          |    62 |   105 |   106 ||   273
       Headbutt          |     5 |    17 |    18 ||    40
       Punch             |       |     1 |     3 ||     4
Invok: Berserk           |     2 |     4 |     2 ||     8
       Trog's Hand       |       |       |     1 ||     1
Armor: Animal skin       |    18 |     3 |       ||    21
       Leather armour    |       |    18 |       ||    18
       Ring mail         |       |     3 |    19 ||    22
       Troll leather arm |       |       |    14 ||    14
Dodge: Dodged            |    44 |    86 |    77 ||   207

Table legend: (Time is in decaauts)
 A = Elapsed time spent in this place.
 B = Non-inter-level travel time spent in this place.
 C = Inter-level travel time spent in this place.
 D = Time resting spent in this place.
 E = Time spent auto-exploring this place.
 F = Levels seen in this place.
 G = Mean time per level.
                   A        B        C        D        E       F      G
               +--------+--------+--------+--------+--------+-----+--------+
         Total |   8551 |   8320 |    231 |   3683 |   3508 |   6 | 1425.2 |
       Dungeon |   7864 |   7652 |    212 |   3683 |   2908 |   5 | 1572.8 |
        Temple |    686 |    667 |     19 |      0 |    600 |   1 |  686.0 |
               +--------+--------+--------+--------+--------+-----+--------+

Top non-repeatable levels by time:
     D:5: 3256 daAuts
     D:2: 1634 daAuts
     D:4: 1096 daAuts
     D:3: 987 daAuts
     D:1: 890 daAuts
  Temple: 686 daAuts
